[Event "ICC tourney 2132 (75 10)"]
[Site "Internet Chess Club"]
[Date "2020.11.15"]
[Round "5"]
[White "vvguys"]
[Black "amandapati"]
[Result "0-1"]
[ICCResult "White checkmated"]
[WhiteElo "1556"]
[BlackElo "2068"]
[Opening "Grünfeld with Bf4 & e3"]
[ECO "D93"]
[NIC "GI.03"]
[Time "13:36:11"]
[TimeControl "4500+10"]

1. d4 Nf6 2. c4 g6 3. Nc3 d5 4. Bf4 Bg7 5. Nf3 O-O 6. e3 c6 7. c5 Nh5 8. Bg5
Nd7 9. Be2 h6 10. Bh4 g5 11. Nd2 gxh4 12. Bxh5 e5 13. dxe5 Nxe5 14. Nf3 Bf5
15. Nxe5 Bxe5 16. Qf3 Qg5 17. Qe2 Qg7 18. Rc1 Qxg2 19. Kd2 Bg7 20. Rcg1 Qh3
21. f3 Rae8 22. Nd1 d4 23. e4 Bc8 24. Bg4 Bxg4 25. Rxg4 d3 26. Qe3 f5 27.
Nf2 fxg4 28. Nxh3 Rxf3 29. Qxf3 gxf3 30. Kxd3 Bxb2 31. Rf1 Rf8 32. Ke3 Ba3
33. Kd4 b5 34. Ng1 f2 35. Nh3 Rf3 36. Nxf2 Bb2# {White checkmated} 0-1

[Event "ICC tourney 2132 (75 10)"]
[Site "Internet Chess Club"]
[Date "2020.11.15"]
[Round "5"]
[White "SupaHotFiya"]
[Black "pawnpush202044"]
[Result "0-1"]
[ICCResult "White resigns"]
[WhiteElo "1920"]
[BlackElo "1903"]
[Opening "Queen's pawn, Mason variation, Steinitz counter-gambit"]
[ECO "D00"]
[NIC "QP.08"]
[Time "13:36:26"]
[TimeControl "4500+10"]

1. d4 d5 2. Bf4 c5 3. e4 Nc6 4. Nc3 cxd4 5. Nxd5 e5 6. Bg3 Be6 7. c4 dxc3 8.
Nxc3 Qa5 9. Bb5 Ne7 10. Ne2 a6 11. Bxc6+ Nxc6 12. O-O Rd8 13. Qc1 Be7 14. f4
Bc4 15. fxe5 Nxe5 16. Qf4 Ng6 17. Qc7 Qxc7 18. Bxc7 Rd2 19. Rfd1 Rxb2 20.
Rab1 Rxe2 21. Nxe2 Bxe2 22. Rd2 Bb5 23. a4 Bc6 24. e5 O-O 25. Bd6 Re8 26. a5
Bg5 27. Re2 Bb5 28. Ree1 Bd2 29. Red1 Bxa5 30. Ra1 Bc3 {White resigns} 0-1

[Event "ICC tourney 2132 (75 10)"]
[Site "Internet Chess Club"]
[Date "2020.11.15"]
[Round "5"]
[White "wahoo"]
[Black "Kausy"]
[Result "0-1"]
[ICCResult "White checkmated"]
[WhiteElo "1626"]
[BlackElo "1776"]
[Opening "Giuoco Piano"]
[ECO "C54"]
[NIC "IG.02"]
[Time "13:36:08"]
[TimeControl "4500+10"]

1. e4 e5 2. Nf3 Nc6 3. Bc4 Bc5 4. c3 Nf6 5. d3 O-O 6. O-O h6 7. Nbd2 d6 8.
h3 a6 9. Re1 Be6 10. Bb3 Ba7 11. Nc4 Re8 12. Be3 d5 13. Ncxe5 Nxe5 14. Nxe5
dxe4 15. Bxe6 Rxe6 16. d4 c5 17. Ng4 Nxg4 18. Qxg4 cxd4 19. cxd4 Qd5 20. b3
Rg6 21. Qf4 Bb8 22. Qh4 Qf5 23. Qd8+ Kh7 24. Kf1 Qb5+ 25. Re2 Rxg2 26. Kxg2
Qxe2 27. Rc1 Qf3+ 28. Kf1 Bf4 29. Qh4 Bxe3 30. Rc3 Qh1+ 31. Ke2 Bxd4 32. Rg3
Bf6 33. Qg4 Rd8 34. Rg1 Qf3+ 35. Qxf3 exf3+ 36. Kxf3 Rd2 37. Rc1 Rxa2 38.
Rc7 b5 39. Rxf7 Ra3 40. Kg4 Rxb3 41. Ra7 b4 42. Rxa6 Rc3 43. Rb6 b3 44. f4
h5+ 45. Kxh5 Rxh3+ 46. Kg4 Rh4+ 47. Kf5 b2 48. Rb7 Rh1 49. Kg4 b1=Q 50. Rxb1
Rxb1 51. Kf5 Rb5+ 52. Kg4 Kg6 53. Kf3 Kf5 54. Kg3 Rb3+ 55. Kh2 Kxf4 56. Kg2
Rf3 57. Kh2 Rg3 58. Kh1 Kf3 59. Kh2 Kf2 60. Kh1 Rh3# {White checkmated} 0-1

[Event "ICC tourney 2132 (75 10)"]
[Site "Internet Chess Club"]
[Date "2020.11.15"]
[Round "5"]
[White "chesslin"]
[Black "AJ2000"]
[Result "1-0"]
[ICCResult "Black resigns"]
[WhiteElo "1841"]
[BlackElo "1647"]
[Opening "Queen's pawn: London system"]
[ECO "A45"]
[NIC "QP.07"]
[Time "13:36:35"]
[TimeControl "4500+10"]

1. d4 Nf6 2. Bf4 g6 3. Nc3 d5 4. e3 Bg7 5. h4 c5 6. Bb5+ Nc6 7. Nf3 Bg4 8.
dxc5 Qa5 9. Qd2 Bxf3 10. gxf3 a6 11. Bxc6+ bxc6 12. Be5 Qxc5 13. h5 Nxh5 14.
Rxh5 gxh5 15. Bxg7 Rg8 16. Na4 Qb5 17. Qd4 f6 18. O-O-O Rxg7 19. Nc5 e5 20.
Qc3 Ke7 21. Qa3 Kf7 22. Nd7 h4 23. Qd6 Rg6 24. f4 Re8 25. fxe5 f5 26. Nf6
Re6 27. Qd7+ Re7 28. Qxf5 Kg7 29. Qh5 Kh8 30. Nxh7 Rxh7 31. Qxg6 Rg7 32.
Qe8+ Kh7 33. Rh1 Rg8 34. Qf7+ {Black resigns} 1-0

[Event "ICC tourney 2132 (75 10)"]
[Site "Internet Chess Club"]
[Date "2020.11.15"]
[Round "5"]
[White "Zuiopal"]
[Black "MacAndSneeze"]
[Result "1/2-1/2"]
[ICCResult "Game drawn by mutual agreement"]
[WhiteElo "1660"]
[BlackElo "1561"]
[Opening "King's Indian: orthodox, Aronin-Taimanov, bayonet attack"]
[ECO "E97"]
[NIC "KI.05"]
[Time "13:36:13"]
[TimeControl "4500+10"]

1. d4 Nf6 2. c4 g6 3. Nc3 Bg7 4. e4 d6 5. Nf3 O-O 6. Be2 e5 7. O-O Nc6 8. d5
Ne7 9. b4 a5 10. Ba3 axb4 11. Bxb4 Nd7 12. Nd2 f5 13. Kh1 b6 14. a4 Nf6 15.
f3 f4 16. a5 Nh5 17. Qe1 g5 18. Qf2 Rf6 19. axb6 Rxa1 20. Rxa1 cxb6 21. Nb5
Rh6 22. Kg1 {Game drawn by mutual agreement} 1/2-1/2

[Event "ICC tourney 2132 (75 10)"]
[Site "Internet Chess Club"]
[Date "2020.11.15"]
[Round "5"]
[White "poohfur"]
[Black "IAlwaysWin"]
[Result "0-1"]
[ICCResult "White resigns"]
[WhiteElo "1703"]
[BlackElo "1981"]
[Opening "French: Schlechter variation"]
[ECO "C01"]
[NIC "FR.01"]
[Time "13:36:18"]
[TimeControl "4500+10"]

1. e4 e6 2. d4 d5 3. Bd3 c5 4. exd5 exd5 5. c3 Nf6 6. Nf3 c4 7. Bc2 Bd6 8.
O-O O-O 9. Ne5 Bxe5 10. dxe5 Ng4 11. Bf4 Nc6 12. Re1 Qb6 13. Qd2 Re8 14. h3
Ngxe5 15. Bxe5 Nxe5 16. Qxd5 Nf3+ 17. Qxf3 Rxe1+ 18. Kh2 Qxb2 19. Qd5 Be6
20. Qd2 Qxa1 21. Qxe1 Qb2 22. Qe4 g6 23. h4 Bf5 24. Qxc4 Qxc2 25. Na3 Qxf2
26. Nb5 Rc8 27. Qa4 Bd7 28. Qb4 Bxb5 29. Qxb5 Qxh4+ 30. Kg1 Rd8 31. Qe2 Qh5
{White resigns}
0-1

[Event "ICC tourney 2132 (75 10)"]
[Site "Internet Chess Club"]
[Date "2020.11.15"]
[Round "5"]
[White "mancogu"]
[Black "agrimjax1"]
[Result "1-0"]
[ICCResult "Black checkmated"]
[WhiteElo "1611"]
[BlackElo "1436"]
[Opening "Ruy Lopez: exchange variation, 5.O-O"]
[ECO "C68"]
[NIC "RL.08"]
[Time "13:36:07"]
[TimeControl "4500+10"]

1. e4 e5 2. Nf3 Nc6 3. Bb5 a6 4. Bxc6 dxc6 5. O-O Bd6 6. d4 Bg4 7. dxe5 Bxf3
8. Qxf3 Bxe5 9. Nc3 Qf6 10. Qxf6 Nxf6 11. Bd2 O-O 12. f3 h6 13. Rad1 Rad8
14. Na4 b5 15. Bc3 Bf4 16. Bxf6 gxf6 17. Nc3 Kh7 18. Kh1 Rd6 19. Ne2 Be5 20.
Rxd6 Bxd6 21. Rd1 Rd8 22. g3 Be7 23. Rxd8 Bxd8 24. Nd4 Be7 25. Nxc6 Bc5 26.
Kg2 Kg6 27. c3 f5 28. Nb4 a5 29. Nc6 a4 30. Nd4 fxe4 31. Nxb5 exf3+ 32. Kxf3
Bb6 33. g4 f5 34. h3 fxg4+ 35. hxg4 Kg5 36. c4 c6 37. Nc3 a3 38. bxa3 Bd4
39. Ne2 Bb2 40. a4 c5 41. Nf4 Be5 42. Ne6+ Kf6 43. Nxc5 Ke7 44. Ke4 Bd6 45.
Nd3 Kd8 46. Kd5 Kc7 47. c5 Be7 48. Ne5 Kb8 49. Nc6+ Ka8 50. Nxe7 Ka7 51. c6
Ka8 52. Kd6 Ka7 53. c7 Kb6 54. c8=R Ka7 55. Rc1 Kb6 56. Rb1+ Ka6 57. a5 Ka7
58. a6 Ka8 59. a7 Kxa7 60. a4 Ka8 61. a5 Ka7 62. a6 h5 63. Nc6+ Kxa6 64.
Nb8+ Ka7 65. Kc7 Ka8 66. Ra1# {Black checkmated} 1-0

[Event "ICC tourney 2132 (75 10)"]
[Site "Internet Chess Club"]
[Date "2020.11.15"]
[Round "5"]
[White "CoarseCrown"]
[Black "Sricharan07"]
[Result "0-1"]
[ICCResult "White resigns"]
[WhiteElo "1714"]
[BlackElo "1857"]
[Opening "King's Indian, 3.Nf3"]
[ECO "E60"]
[NIC "KI.79"]
[Time "13:36:34"]
[TimeControl "4500+10"]

1. d4 Nf6 2. c4 g6 3. Nf3 Bg7 4. g3 d6 5. Bg2 O-O 6. O-O c5 7. d5 a6 8. Nc3
e6 9. dxe6 Bxe6 10. Ng5 Nc6 11. Nxe6 fxe6 12. Bf4 Ne8 13. Ne4 Be5 14. Bxe5
Nxe5 15. Qb3 Qe7 16. Rad1 Rb8 17. f4 Nf7 18. Nc3 b6 19. e4 Nc7 20. f5 Ne5
21. fxe6 Qxe6 22. Nd5 Nxd5 23. exd5 Qg4 24. Rxf8+ Rxf8 25. h3 Qe2 26. Kh1
Rf2 27. Rg1 Rxg2 28. Rxg2 Qf1+ {White resigns} 0-1

[Event "ICC tourney 2132 (75 10)"]
[Site "Internet Chess Club"]
[Date "2020.11.15"]
[Round "5"]
[White "BadWolf"]
[Black "castle2king"]
[Result "1-0"]
[ICCResult "Black checkmated"]
[WhiteElo "1965"]
[BlackElo "1558"]
[Opening "King's Indian: 4.e4"]
[ECO "E70"]
[NIC "KI.31"]
[Time "13:36:29"]
[TimeControl "4500+10"]

1. d4 Nf6 2. c4 g6 3. Nc3 Bg7 4. e4 d6 5. Bd3 O-O 6. Nge2 Nbd7 7. O-O e5 8.
d5 a5 9. Bg5 Qe8 10. h3 h6 11. Be3 Nc5 12. Bc2 Qe7 13. Qd2 Kh7 14. f3 Nh5
15. g4 Nf6 16. Ng3 Rh8 17. Rae1 Bd7 18. Re2 Rag8 19. g5 Nh5 20. Nxh5 gxh5
21. h4 hxg5 22. hxg5 Bf6 23. f4 Bg7 24. Rh2 Rf8 25. f5 f6 26. Rxh5+ Kg8 27.
Rxh8+ Kxh8 28. Qh2+ Kg8 29. g6 Ra8 30. Qh7+ Kf8 31. Bh6 b6 32. Qh8#
{Black checkmated}
1-0

[Event "ICC tourney 2132 (75 10)"]
[Site "Internet Chess Club"]
[Date "2020.11.15"]
[Round "5"]
[White "DrBoler"]
[Black "soggydollar"]
[Result "0-1"]
[ICCResult "White checkmated"]
[WhiteElo "112"]
[BlackElo "1814"]
[Opening "Dutch with c4 & Nc3"]
[ECO "A85"]
[NIC "HD.05"]
[Time "13:36:12"]
[TimeControl "4500+10"]

1. d4 f5 2. c4 Nf6 3. Nc3 e6 4. Nf3 Be7 5. Qc2 b6 6. e3 Bb7 7. Be2 O-O 8.
O-O d6 9. Ng5 Qd7 10. Bf3 Bxf3 11. Nxf3 d5 12. Ne5 Qc8 13. cxd5 exd5 14. b3
c5 15. dxc5 Bxc5 16. Bb2 Qe6 17. Ne2 Nh5 18. Rfd1 Na6 19. Qd2 Rfd8 20. Nf3
Nc7 21. Nfd4 Qd7 22. Rac1 a5 23. Qd3 g6 24. h3 Rac8 25. g4 fxg4 26. hxg4
Qxg4+ 27. Kf1 Rf8 28. Ng1 Ng3+ 29. Ke1 Ne4 30. Ndf3 Rxf3 31. Nxf3 Qxf3 32.
Qe2 Bb4+ 33. Kf1 Qh1# {White checkmated} 0-1

[Event "ICC tourney 2132 (75 10)"]
[Site "Internet Chess Club"]
[Date "2020.11.15"]
[Round "5"]
[White "USChessNinja"]
[Black "sujashankar"]
[Result "1-0"]
[ICCResult "Black checkmated"]
[WhiteElo "1582"]
[BlackElo "1672"]
[Opening "Sicilian: dragon, Yugoslav attack, Rauser variation"]
[ECO "B76"]
[NIC "SI.17"]
[Time "13:36:16"]
[TimeControl "4500+10"]

1. e4 c5 2. Nf3 d6 3. d4 cxd4 4. Nxd4 Nf6 5. Nc3 g6 6. Be3 Bg7 7. f3 O-O 8.
Qd2 Nc6 9. O-O-O d5 10. e5 Nxe5 11. Kb1 a6 12. g4 e6 13. h4 h5 14. Bh6 b5
15. Bxg7 Kxg7 16. Qg5 Nc4 17. Bxc4 bxc4 18. Qe5 Kh7 19. Nc6 Nd7 20. Qd6 Qb6
21. Na4 Qb5 22. gxh5 gxh5 23. Rhg1 Bb7 24. Ne5 Nf6 25. Qe7 Ng4 26. Qg5 f6
27. Qxh5+ Nh6 28. Qg6+ Kh8 29. Qg7# {Black checkmated} 1-0

[Event "ICC tourney 2132 (75 10)"]
[Site "Internet Chess Club"]
[Date "2020.11.15"]
[Round "5"]
[White "abi2009"]
[Black "matthewrex"]
[Result "1-0"]
[ICCResult "Black resigns"]
[WhiteElo "1736"]
[BlackElo "1675"]
[Opening "French: advance, Paulsen attack"]
[ECO "C02"]
[NIC "FR.03"]
[Time "13:37:03"]
[TimeControl "4500+10"]

1. e4 e6 2. d4 d5 3. e5 c5 4. c3 Nc6 5. Nf3 cxd4 6. cxd4 Nge7 7. Bd3 Nf5 8.
Bxf5 exf5 9. Nc3 Be6 10. O-O Be7 11. Be3 O-O 12. Qd2 Rc8 13. Bg5 Bxg5 14.
Nxg5 Qb6 15. Rfd1 h6 16. Nxe6 fxe6 17. Na4 Qd8 18. Nc5 Qe7 19. Rac1 Nxe5 20.
Nxb7 Qxb7 21. dxe5 Rxc1 22. Rxc1 Rb8 23. b3 Rc8 24. h3 g5 25. Rxc8+ Qxc8 26.
f4 gxf4 27. Qxf4 Kh7 28. Kh2 Qc7 29. Qe3 Qa5 30. a4 Kg6 31. Qg3+ Kf7 32. Qh4
Qd2 33. Qf6+ Ke8 34. Qxe6+ Kd8 35. Qxf5 d4 36. e6 Qg5 37. Qf8+ Kc7 38. Qf3
Kd6 39. Qe4 Qe3 40. Qxe3 dxe3 41. Kg3 Kxe6 42. Kf3 a5 43. Kxe3 h5 44. g4
hxg4 45. hxg4 Ke5 46. Kf3 Kf6 47. Kf4 Kg6 48. g5 Kg7 49. Kf5 Kf7 50. g6+ Kg7
51. Kg5 Kg8 52. Kf6 Kf8 53. g7+ Kg8 54. Ke6 Kxg7 55. Kd5 Kf6 56. Kc5 Ke6 57.
Kb5 Kd7 58. Kxa5 Kc7 59. b4 Kb7 60. b5 Ka7 61. b6+ Kb7 62. Kb5 Kb8 63. Kc6
Kc8 64. b7+ Kb8 65. a5 Ka7 66. Kc7 Ka6 67. b8=Q {Black resigns} 1-0

[Event "ICC tourney 2132 (75 10)"]
[Site "Internet Chess Club"]
[Date "2020.11.15"]
[Round "5"]
[White "Concordborn"]
[Black "Otelo"]
[Result "1/2-1/2"]
[ICCResult "Game drawn by mutual agreement"]
[WhiteElo "1753"]
[BlackElo "2039"]
[Opening "Sicilian: Alapin's variation (2.c3)"]
[ECO "B22"]
[NIC "SI.46"]
[Time "13:36:05"]
[TimeControl "4500+10"]

1. e4 c5 2. c3 Nf6 3. e5 Nd5 4. Bc4 Nb6 5. Bb3 e6 6. Nf3 c4 7. Bc2 Qc7 8.
O-O Nc6 9. Re1 d6 10. exd6 Bxd6 11. d4 cxd3 12. Bxd3 Ne5 13. Nxe5 Bxe5 14.
Qh5 Bd6 15. Bb5+ Bd7 16. Rxe6+ Kf8 17. Bxd7 fxe6 18. Bxe6 Qe7 19. Qf5+ Qf6
20. Qxf6+ gxf6 21. Be3 Na4 22. b3 Nc5 23. Bc4 Ne4 24. f3 Bc5 25. Bxc5+ Nxc5
26. b4 Nd7 27. Bb3 Rd8 28. Na3 a6 29. Nc4 b5 30. Ne3 Nb6 31. c4 bxc4 32.
Nxc4 Nxc4 33. Bxc4 Rd4 34. Bxa6 Rxb4 35. a4 Kg7 36. Bd3 Rd8 37. Be4 Rc8 38.
a5 Rcc4 39. Rd1 Rd4 40. Rc1 Rdc4 41. Rd1 Rd4 42. Rc1 Rdc4
{Game drawn by mutual agreement}
1/2-1/2

[Event "ICC tourney 2132 (75 10)"]
[Site "Internet Chess Club"]
[Date "2020.11.15"]
[Round "5"]
[White "mikoyansuren"]
[Black "ashay7"]
[Result "1-0"]
[ICCResult "Black resigns"]
[WhiteElo "1983"]
[BlackElo "1915"]
[Opening "King's Indian: Torre attack"]
[ECO "A48"]
[NIC "QP.01"]
[Time "13:36:03"]
[TimeControl "4500+10"]

1. d4 Nf6 2. Nf3 g6 3. Bg5 Bg7 4. e3 d6 5. Bd3 h6 6. Bh4 g5 7. Bg3 Nh5 8.
O-O O-O 9. c4 Nxg3 10. hxg3 c5 11. Nc3 cxd4 12. Nxd4 e6 13. b4 Nc6 14. Nxc6
bxc6 15. Qc2 a5 16. b5 cxb5 17. cxb5 Bb7 18. Rfc1 Rc8 19. Qb3 Qf6 20. Ne2
Qb2 21. Qxb2 Bxb2 22. Rxc8 Rxc8 23. Rb1 Bf6 24. f3 Kf8 25. Kf2 Bd8 26. g4
Bb6 27. Rc1 Rxc1 28. Nxc1 Bd5 29. Ke2 Ke7 30. a4 Kf6 31. Be4 Bc4+ 32. Bd3 d5
33. Kd2 Ke5 34. Bxc4 dxc4 35. Ne2 f5 36. gxf5 exf5 37. Nc3 h5 38. f4+ gxf4
39. exf4+ Kd4 40. Ne2+ Kc5 41. Kc3 Kd5 42. Ng3 Bd4+ 43. Kc2 Kc5 44. Nxf5 Bf2
45. Ng7 h4 46. f5 Kb4 47. f6 Bd4 48. Ne8 {Black resigns} 1-0

[Event "ICC tourney 2132 (75 10)"]
[Site "Internet Chess Club"]
[Date "2020.11.15"]
[Round "5"]
[White "DanielA1926"]
[Black "loveEdinburgh"]
[Result "1/2-1/2"]
[ICCResult "Game drawn by mutual agreement"]
[WhiteElo "1558"]
[BlackElo "1842"]
[Opening "QGD semi-Slav: 5.e3"]
[ECO "D45"]
[NIC "SL.08"]
[Time "13:36:01"]
[TimeControl "4500+10"]

1. d4 d5 2. c4 c6 3. e3 Nf6 4. Nc3 e6 5. Nf3 Bd6 6. Be2 dxc4 7. Bxc4 b5 8.
Bb3 Bb7 9. O-O O-O 10. Bc2 Nbd7 11. Re1 a6 12. a3 c5 13. e4 cxd4 14. Qxd4
Bc5 15. Qd3 e5 16. Bg5 Qb6 17. Bh4 Bc6 18. Rad1 Rfe8 19. b4 Bf8 20. Bb3 a5
21. Ng5 Re7 22. Nd5 Bxd5 23. exd5 h6 24. d6 hxg5 25. dxe7 Bxe7 26. Bxg5 axb4
27. Bxf6 Nxf6 28. axb4 e4 29. Qd4 Qc7 30. Bd5 Rd8 31. Bxf7+ Kxf7 32. Qb2
Rxd1 33. Rxd1 {Game drawn by mutual agreement} 1/2-1/2

[Event "ICC tourney 2132 (75 10)"]
[Site "Internet Chess Club"]
[Date "2020.11.15"]
[Round "5"]
[White "VincentT2008"]
[Black "cdj12417489"]
[Result "1/2-1/2"]
[ICCResult "Game drawn by mutual agreement"]
[WhiteElo "1737"]
[BlackElo "1273"]
[Opening "King's Indian: Sämisch, orthodox, 7.d5"]
[ECO "E87"]
[NIC "KI.40"]
[Time "13:36:07"]
[TimeControl "4500+10"]

1. d4 Nf6 2. c4 g6 3. Nc3 Bg7 4. e4 d6 5. f3 O-O 6. Be3 e5 7. d5 Nh5 8. Qd2
Qh4+ 9. Bf2 Qe7 10. g4 Nf4 11. h4 h5 12. g5 f5 13. gxf6 Qxf6 14. Nge2 Bh6
15. Be3 Na6 16. a3 Nc5 17. Bxf4 Bxf4 18. Nxf4 Qxf4 19. Qxf4 Rxf4 20. Be2 Nb3
21. Rd1 Bd7 22. Rd3 Raf8 23. O-O Bh3 24. Rf2 Nd4 25. Kh2 Bd7 26. Kg3 Kh7 27.
Bd1 Kh6 28. Ne2 Nxe2+ 29. Bxe2 g5 30. hxg5+ Kxg5 31. Bf1 h4+ 32. Kh2 R8f6
33. Re3 Kh5 34. Bh3 Bxh3 35. Kxh3 Rg6 36. b4 b6 37. a4 Rg3+ 38. Kh2 Rg6 39.
a5 h3 40. a6 {Game drawn by mutual agreement} 1/2-1/2

[Event "ICC tourney 2132 (75 10)"]
[Site "Internet Chess Club"]
[Date "2020.11.15"]
[Round "5"]
[White "Yucheng"]
[Black "corviknight"]
[Result "1/2-1/2"]
[ICCResult "Game drawn by repetition"]
[WhiteElo "1872"]
[BlackElo "1812"]
[Opening "QGD Slav defense"]
[ECO "D10"]
[NIC "SL.01"]
[Time "13:36:20"]
[TimeControl "4500+10"]

1. d4 d5 2. c4 c6 3. Nc3 Nf6 4. e3 g6 5. Nf3 Bg7 6. c5 O-O 7. Bd3 Re8 8. Ne5
Nfd7 9. f4 Nxe5 10. fxe5 f6 11. exf6 Bxf6 12. O-O Nd7 13. Qc2 Nf8 14. Qf2 b6
15. b4 a5 16. Na4 bxc5 17. bxc5 Nd7 18. Bb2 Ba6 19. Bxa6 Rxa6 20. Qe2 Ra8
21. e4 e5 22. exd5 cxd5 23. Qf3 e4 24. Qb3 Kg7 25. Qxd5 e3 26. c6 e2 27.
Rfe1 Nb6 28. Qxd8 Bxd8 29. Nxb6 Bxb6 30. Kf2 Re4 31. Rxe2 Bxd4+ 32. Bxd4+
Rxd4 33. Rc1 Rc8 34. Re7+ Kh6 35. Rd7 Rxc6 36. Rxc6 Rxd7 37. Ke3 Rd5 38. Rc7
Re5+ 39. Kf3 Rf5+ 40. Ke3 Re5+ 41. Kf3 Rf5+ 42. Ke3 Re5+
{Game drawn by repetition}
1/2-1/2

[Event "ICC tourney 2132 (75 10)"]
[Site "Internet Chess Club"]
[Date "2020.11.15"]
[Round "5"]
[White "SBomm18"]
[Black "xyzchessdude"]
[Result "0-1"]
[ICCResult "White resigns"]
[WhiteElo "1871"]
[BlackElo "2011"]
[Opening "Sicilian"]
[ECO "B56"]
[NIC "SI.25"]
[Time "13:36:26"]
[TimeControl "4500+10"]

1. e4 c5 2. Nf3 Nc6 3. d4 cxd4 4. Nxd4 Nf6 5. Nc3 d6 6. Be3 Ng4 7. Bg5 h6 8.
Bh4 g5 9. Bg3 Bg7 10. Bb5 Qb6 11. e5 Bxe5 12. Bxe5 Nxe5 13. Nd5 Qd8 14. O-O
a6 15. f4 gxf4 16. Be2 Qa5 17. Nxc6 bxc6 18. Nxf4 Rg8 19. h3 Rb8 20. Bh5
Rxb2 21. Nd3 Qd5 22. Rf2 Bxh3 23. Qf1 Rxg2+ 24. Rxg2 Bxg2 25. Bxf7+ Nxf7 26.
Qe2 Bf3 27. Qh2 Qd4+ 28. Qf2 Rb4 29. c3 Qg4+ 30. Kh2 Qh5+ 31. Kg3 Rg4+ 32.
Kxf3 Qh3+ 33. Ke2 Rg2 34. Nf4 Rxf2+ {White resigns} 0-1

[Event "ICC tourney 2132 (75 10)"]
[Site "Internet Chess Club"]
[Date "2020.11.15"]
[Round "5"]
[White "bopala"]
[Black "wangfang75"]
[Result "1-0"]
[ICCResult "Black resigns"]
[WhiteElo "1902"]
[BlackElo "1842"]
[Opening "Queen's pawn game, Darooha variation "]
[ECO "D02"]
[NIC "QP.08"]
[Time "13:36:51"]
[TimeControl "4500+10"]

1. d4 d5 2. Nf3 Nf6 3. g3 Bf5 4. Bg2 e6 5. O-O c5 6. c4 Nc6 7. cxd5 exd5 8.
Be3 c4 9. Nc3 Bb4 10. Bg5 Be7 11. b3 Qa5 12. Bxf6 Bxf6 13. Rc1 Be7 14. bxc4
Ba3 15. cxd5 Ne7 16. d6 Bxc1 17. Qxc1 Nd5 18. Nxd5 Qxd5 19. Nh4 Qe6 20. d5
Qe5 21. Nxf5 Qxf5 22. Qe3+ Kf8 23. Qe7+ {Black resigns} 1-0

[Event "ICC tourney 2132 (75 10)"]
[Site "Internet Chess Club"]
[Date "2020.11.15"]
[Round "5"]
[White "dabpacman"]
[Black "Goldenmaknae"]
[Result "0-1"]
[ICCResult "White resigns"]
[WhiteElo "1446"]
[BlackElo "1893"]
[Opening "Sicilian: Grand Prix attack"]
[ECO "B23"]
[NIC "SI.44"]
[Time "13:36:06"]
[TimeControl "4500+10"]

1. e4 c5 2. Nc3 Nc6 3. f4 e6 4. Nf3 d5 5. Bb5 a6 6. Bxc6+ bxc6 7. d3 g6 8.
Bd2 Bg7 9. O-O Ne7 10. Qe1 O-O 11. g4 f5 12. h3 Rb8 13. Rb1 fxe4 14. dxe4 d4
15. Na4 Qd6 16. b3 a5 17. Ra1 Ba6 18. Rf2 c4 19. Rd1 c5 20. e5 Qc6 21. Ng5
c3 22. Bc1 Bb7 23. Kh2 h6 24. Nf3 g5 25. Nxd4 cxd4 26. Rxd4 Ng6 27. Rc4 Qe8
28. Nxc3 gxf4 29. Bxf4 Bxe5 30. Bxe5 Rxf2+ 31. Qxf2 Nxe5 32. Ne4 Bxe4 33.
Rxe4 Nf7 34. Qd2 Ng5 35. Rf4 Qc6 36. Qf2 Qd6 37. h4 Ne4 38. Qf3 Rf8 39. Qxe4
Qxf4+ {White resigns} 0-1

[Event "ICC tourney 2132 (75 10)"]
[Site "Internet Chess Club"]
[Date "2020.11.15"]
[Round "5"]
[White "Joshua1"]
[Black "mopaska1106"]
[Result "1/2-1/2"]
[ICCResult "Game drawn by mutual agreement"]
[WhiteElo "1865"]
[BlackElo "1922"]
[Opening "Benoni: 6.e4"]
[ECO "A65"]
[NIC "BI.38"]
[Time "13:36:41"]
[TimeControl "4500+10"]

1. d4 Nf6 2. c4 c5 3. d5 e6 4. Nc3 exd5 5. cxd5 d6 6. e4 g6 7. Nge2 Bg7 8.
Ng3 O-O 9. Be2 a6 10. a4 Nbd7 11. O-O Rb8 12. f4 Re8 13. Be3 Qc7 14. Qd2 c4
15. Kh1 b5 16. axb5 axb5 17. Ra7 Qd8 18. Bf3 h5 19. Qc2 b4 20. Nd1 Nb6 21.
Ne2 b3 22. Qb1 Rb7 23. Rxb7 Bxb7 24. Bxb6 Qxb6 25. Ndc3 Nd7 26. Qe1 Nc5 27.
Qf2 Qa5 28. Qg1 Nd3 29. g4 h4 30. Ra1 Qc5 31. Qxc5 Nxc5 32. f5 g5 33. h3 Nd3
34. Rb1 Ra8 35. Kg1 Be5 {Game drawn by mutual agreement} 1/2-1/2

[Event "ICC tourney 2132 (75 10)"]
[Site "Internet Chess Club"]
[Date "2020.11.15"]
[Round "5"]
[White "atevifred"]
[Black "Mapking1"]
[Result "0-1"]
[ICCResult "White resigns"]
[WhiteElo "1869"]
[BlackElo "1819"]
[Opening "Réti opening"]
[ECO "A30"]
[NIC "QP.10"]
[Time "13:36:30"]
[TimeControl "4500+10"]

1. Nf3 c5 2. c4 g6 3. Nc3 Bg7 4. e3 Nc6 5. d4 cxd4 6. exd4 d6 7. Be2 Qb6 8.
Nd5 Qa5+ 9. Bd2 Qd8 10. Bc3 Nf6 11. O-O Ne4 12. Re1 O-O 13. Bd3 Nxc3 14.
bxc3 e6 15. Ne3 Qc7 16. Qc2 Rd8 17. Rab1 Ne7 18. Qb3 b6 19. a4 Bb7 20. Nd2
Rab8 21. Rbc1 d5 22. cxd5 Nxd5 23. Nxd5 Bxd5 24. c4 Bb7 25. d5 exd5 26. cxd5
Qf4 27. Ne4 Bxd5 28. Qb1 Bd4 29. Rf1 Be5 30. g3 Qf3 31. Rce1 f5 32. Re3 Qh5
33. Ng5 Bd4 34. h4 Bxe3 35. fxe3 Qg4 36. Qe1 h6 37. Rf4 Qh5 38. Be2 hxg5 39.
Bxh5 gxf4 40. Bxg6 Be4 41. gxf4 Rbc8 42. Bh5 Rc2 43. Bd1 Rg2+ 44. Kf1 Rdd2
45. Bb3+ Kh7 46. Bc4 Rh2 47. Be2 Rh1+ 48. Kf2 Rxe1 49. Kxe1 Ra2 50. Bb5 Rh2
{White resigns}
0-1

[Event "ICC tourney 2132 (75 10)"]
[Site "Internet Chess Club"]
[Date "2020.11.15"]
[Round "5"]
[White "kittycat35"]
[Black "kirikiri007"]
[Result "1-0"]
[ICCResult "Black checkmated"]
[WhiteElo "1737"]
[BlackElo "1573"]
[Opening "Ruy Lopez: Cozio defense, Paulsen variation"]
[ECO "C60"]
[NIC "RL.04"]
[Time "13:36:10"]
[TimeControl "4500+10"]

1. e4 e5 2. Nf3 Nc6 3. Bb5 Nge7 4. Nc3 g6 5. d3 Bg7 6. Be3 O-O 7. O-O d6 8.
h3 Be6 9. Qd2 f5 10. Bg5 Qc8 11. exf5 Nxf5 12. Bxc6 bxc6 13. Nh4 Nxh4 14.
Bxh4 Qd7 15. Ne4 h6 16. Bg3 Rf7 17. Qe3 a6 18. a3 Raf8 19. Kh2 Kh7 20. c4
Bf5 21. Rfd1 Bxe4 22. dxe4 Qe6 23. Qd3 c5 24. b4 cxb4 25. axb4 Ra8 26. Qd5
Qxd5 27. Rxd5 Rb8 28. Rb1 Rb6 29. f3 c5 30. Be1 Rfb7 31. b5 axb5 32. cxb5
Bf8 33. Ba5 Rxb5 34. Rxb5 Rxb5 35. Bc7 Rb4 36. Bxd6 Bxd6 37. Rxd6 Kg7 38.
Rd5 c4 39. Rxe5 Rb2 40. Rc5 Rc2 41. Rc6 c3 42. Kg3 g5 43. Kh2 Kh7 44. Kg1
Kg7 45. g3 Rc1+ 46. Kf2 Rc2+ 47. Ke3 Rc1 48. f4 gxf4+ 49. gxf4 Re1+ 50. Kd3
Rd1+ 51. Ke2 Rc1 52. e5 Rc2+ 53. Kd3 Rf2 54. Ke3 Rc2 55. f5 Rh2 56. Rc7+ Kf8
57. Rxc3 Rxh3+ 58. Kd4 Rh1 59. Kd5 Rd1+ 60. Ke6 Rd8 61. Rh3 Rb8 62. f6 Rb6+
63. Kf5 h5 64. Rxh5 Rb5 65. Kg6 Ke8 66. e6 Rxh5 67. Kxh5 Kf8 68. Kg6 Ke8 69.
Kg7 Kd8 70. f7 Ke7 71. f8=Q+ Kxe6 72. Qf6+ Kd5 73. Qe7 Kd4 74. Qe6 Kd3 75.
Qg4 Kc3 76. Qe4 Kb3 77. Kf6 Kc3 78. Ke5 Kd2 79. Qf3 Kc2 80. Kd4 Kd2 81. Qe3+
Kc2 82. Qd3+ Kb2 83. Qc3+ Ka2 84. Qb4 Ka1 85. Kc3 Ka2 86. Qb2#
{Black checkmated}
1-0